 Dungeon Crawl Stone Soup version 0.31-a0-702-gf82c85558f (webtiles) character file.

Game seed: 1657641148650098473

2 qw the Shooter (level 1, -3/12 HPs)
             Began as a Gargoyle Hunter on Sept 8, 2023.
             Killed from afar by a dart slug (5 damage)
             ... with a slug dart
             ... on level 1 of the Dungeon.
             The game lasted 00:00:01 (25 turns).

qw the Shooter (Gargoyle Hunter)                      Turns: 25, Time: 00:00:02

Health: -3/12      AC:  5    Str: 14    XL:     1   Next: 40%
Magic:  1/1        EV: 11    Int:  9    God:
Gold:   0          SH:  0    Dex: 13    Spells: 0/0 levels left

rFire   . . .        a - +0 shortbow
rCold   . . .        (shield currently unavailable)
rNeg    + . .        c - +0 leather armour
rPois   inf          (no helmet)
rElec   +            (no cloak)
rCorr   .            (no gloves)
SInv    .            (no boots)
Will    .....        (no amulet)
Stlth   +            (no ring)
HPRegen 0.22/turn    (no ring)
MPRegen 0.07/turn

%: no passive effects
@: no status effects
A: sickness immunity, AC +2, negative energy resistance 1, electricity
resistance, torment resistance 1, petrification resistance
a: no special abilities


You were on level 1 of the Dungeon.
You visited 1 branch of the dungeon, and saw 1 of its levels.


Innate Abilities, Weirdness & Mutations

You are immune to sickness and miasma.
Your stone body is resilient. (AC +2)
You are immune to poison.
You resist negative energy. (rN+)
You are resistant to electric shocks. (rElec)
You are resistant to unholy torment.
You are immune to petrification.


   Skills:
 - Level 2.1 Fighting
 + Level 4.1 Ranged Weapons
 - Level 1.5 Dodging
 - Level 1.1 Stealth


You couldn't memorise any spells.
You didn't know any spells.
Your spell library was empty.

Inventory:

Hand Weapons
 a - a +0 shortbow (weapon)
Armour
 c - a +0 leather armour (worn)
Scrolls
 b - a scroll of butterflies
Potions
 d - a potion of curing {unknown}

Dungeon Overview and Level Annotations

Branches:
Dungeon (1/15)

Altars:


Message History

The endoplasm is heavily wounded.
The endoplasm freezes you.
You are frozen.
You shoot an arrow.
The arrow hits the endoplasm but does no damage.
The endoplasm is heavily wounded.
The endoplasm hits you. The rat closely misses you.
You shoot an arrow.
The arrow hits the endoplasm but does no damage.
The endoplasm is heavily wounded.
The endoplasm freezes you.
You are frozen.
The rat barely misses you.
You shoot an arrow. The arrow barely misses the endoplasm.
The arrow hits the dart slug.
The dart slug is moderately wounded.
The rat bites you but does no damage. The endoplasm freezes you.
You are frozen.
The rat closely misses you. The endoplasm barely misses you.
You shoot an arrow.
The arrow hits the endoplasm but does no damage.
The endoplasm is heavily wounded.
The endoplasm closely misses you. The rat barely misses you.
You shoot an arrow. The kobold shouts!
The arrow hits the endoplasm!
You kill the endoplasm!
The rat bites you but does no damage. The dart slug launches a dart at you.
The slug dart hits you.
You shoot an arrow.
The arrow hits the rat but does no damage.
The rat bites you but does no damage. The dart slug launches a dart at you.
The slug dart hits you.
You shoot an arrow. The arrow closely misses the rat.
The rat bites you but does no damage. The rat barely misses you.
You shoot an arrow. The arrow barely misses the rat.
The dart slug launches a dart at you. The slug dart hits you.
You die...

###### #<...#
#....# #.88.#
#####
#....#77...#
...#''''#7..#
#........r@#
###..#####)#
#.. .w.. #..
..K.... #.
###.##..# #.
#.# .... #.#
.## ... .


You could see a dart slug, a kobold and a rat.

Vanquished Creatures
  An endoplasm (D:1)
  A kobold (D:1)
2 creatures vanquished.

Notes
Turn   | Place    | Note
-------+----------+-------------------------------------------
     0 | D:1      | qw the Gargoyle Hunter began the quest for the Orb.
     0 | D:1      | Reached XP level 1. HP: 12/12 MP: 1/1
     0 | D:1      | 0 ||| qw: Version: 0.3-a-76-g4403597
     0 | D:1      | 0 ||| qw: Game counter: 1208
     0 | D:1      | 0 ||| qw: Melee chars always use a shield: true
     0 | D:1      | 0 ||| qw: God list: Okawaru
     0 | D:1      | 0 ||| qw: Allow faded altars: false
     0 | D:1      | 0 ||| qw: Do Orc after clearing Dungeon:15 true
     0 | D:1      | 0 ||| qw: Do second Lair branch before Depths: true
     0 | D:1      | 0 ||| qw: Lair rune preference: random
     0 | D:1      | 0 ||| qw: Goals: Normal
     0 | D:1      | 0 ||| PLANNING D:1-11
    22 | D:1      | HP: 3/12 [dart slug/slug dart (2)]
    23 | D:1      | HP: 1/12 [dart slug/slug dart (2)]
    25 | D:1      | Killed from afar by a dart slug

Levels and vault maps discovered:
D:1:      sevenhm_arrival_forest_fort_small_6, layout_loops_ring, serial_shops,
          shop_statue, minmay_misc_feat_alley

Action                     || total
---------------------------++-------
   Fire: Shortbow          ||    13
 Armour: Leather armour    ||     8
  Dodge: Dodged            ||     8

Table legend:
 A = Non-vault XP
 B = Vault XP
 C = Vault XP percentage of total XP
 D = Non-vault monster count
 E = Vault monster count
 F = Vault count percentage of total count
                 A         B        C        D         E       F
            +---------+---------+-------+---------+---------+-------
      Total |       4 |       0 |   0.0 |       2 |       0 |   0.0
            +---------+---------+-------+---------+---------+-------
        D:1 |       4 |       0 |   0.0 |       2 |       0 |   0.0
            +---------+---------+-------+---------+---------+-------
